[Event "ICC tourney 1969 (45 10)"]
[Site "Internet Chess Club"]
[Date "2020.08.22"]
[Round "4"]
[White "VishyNo1"]
[Black "imranchamp"]
[Result "0-1"]
[ICCResult "White resigns"]
[WhiteElo "2020"]
[BlackElo "1683"]
[Opening "Sicilian: Pelikan, Chelyabinsk variation"]
[ECO "B33"]
[NIC "SI.37"]
[Time "18:31:43"]
[TimeControl "2700+10"]

1. e4 c5 2. Nf3 Nc6 3. d4 cxd4 4. Nxd4 Nf6 5. Nc3 e5 6. Ndb5 d6 7. Bg5 a6 8.
Na3 b5 9. Bxf6 gxf6 10. Nd5 Bg7 11. c4 f5 12. cxb5 Nd4 13. b6 O-O 14. Bd3
Bb7 15. Nc4 Rb8 16. O-O fxe4 17. Bxe4 f5 18. Nc7 fxe4 19. Qg4 Rf4 20. Qd1
Qg5 21. Ne3 Rh4 22. f4 exf4 23. Nc4 e3 24. Nxe3 fxe3 25. g3 Rxh2 26. Kxh2
Qh6+ {White resigns} 0-1

[Event "ICC tourney 1969 (45 10)"]
[Site "Internet Chess Club"]
[Date "2020.08.22"]
[Round "4"]
[White "town"]
[Black "charanreddy"]
[Result "1-0"]
[ICCResult "Black resigns"]
[WhiteElo "2128"]
[BlackElo "1270"]
[Opening "Ruy Lopez: Möller defense"]
[ECO "C78"]
[NIC "RL.12"]
[Time "18:31:41"]
[TimeControl "2700+10"]

1. e4 e5 2. Nf3 Nc6 3. Bb5 a6 4. Ba4 Nf6 5. O-O Bc5 6. c3 b5 7. Bb3 d6 8. d4
Ba7 9. Be3 O-O 10. Nbd2 Bd7 11. a4 exd4 12. cxd4 Bg4 13. h3 Bh5 14. Qc2 Bxf3
15. Qxc6 Be2 16. Rfe1 Bd3 17. e5 dxe5 18. dxe5 Bxe3 19. Rxe3 Ne8 20. Bd5 Ra7
21. Rxd3 Qg5 22. Re1 g6 23. Nf3 Qf5 24. e6 Nd6 25. Rde3 Raa8 26. exf7+ Nxf7
27. Re7 Rad8 28. Bxf7+ Rxf7 29. Qxc7 Rdf8 30. Rxf7 Rxf7 31. Re8+ Kg7 32.
Qe5+ Qxe5 33. Rxe5 Kf6 34. axb5 axb5 35. Rxb5 Ra7 36. b4 Ke6 37. Rb8 Kd7 38.
b5 Kd6 39. b6 Ra6 40. Kf1 Kc6 41. Ne5+ Kc5 42. Ke2 Kd6 43. Nd3 Kc6 44. Nb4+
{Black resigns}
1-0

[Event "ICC tourney 1969 (45 10)"]
[Site "Internet Chess Club"]
[Date "2020.08.22"]
[Round "4"]
[White "dzchess01"]
[Black "Chris0708"]
[Result "1-0"]
[ICCResult "Black checkmated"]
[WhiteElo "1807"]
[BlackElo "1257"]
[Opening "Ruy Lopez: Caro variation"]
[ECO "C70"]
[NIC "RL.09"]
[Time "18:31:45"]
[TimeControl "2700+10"]

1. e4 e5 2. Nf3 Nc6 3. Bb5 a6 4. Ba4 b5 5. Bb3 Nf6 6. d3 Bb7 7. O-O h6 8. c3
Bd6 9. Re1 O-O 10. Nbd2 Re8 11. Nf1 Ne7 12. a4 Ng6 13. Ng3 Bc6 14. axb5 axb5
15. Rxa8 Qxa8 16. Nf5 Nf4 17. N3h4 Bc5 18. Bxf4 exf4 19. d4 Bf8 20. e5 Nd5
21. Qg4 Qd8 22. Nxh6+ Kh7 23. Bc2+ g6 24. Bxg6+ Kxh6 25. Nf5# {Black
checkmated} 1-0

[Event "ICC tourney 1969 (45 10)"]
[Site "Internet Chess Club"]
[Date "2020.08.22"]
[Round "4"]
[White "Priccchess"]
[Black "NeevG"]
[Result "1-0"]
[ICCResult "Black resigns"]
[WhiteElo "1776"]
[BlackElo "1212"]
[Opening "Giuoco Piano"]
[ECO "C50"]
[NIC "IG.02"]
[Time "18:31:52"]
[TimeControl "2700+10"]

1. e4 e5 2. Nf3 Nc6 3. Bc4 Bc5 4. Nc3 d6 5. h3 Nf6 6. d3 h6 7. Be3 Bxe3 8.
fxe3 O-O 9. O-O Na5 10. Bb3 Nxb3 11. axb3 c6 12. d4 Qc7 13. Qd2 b5 14. Qd3
a6 15. d5 Bb7 16. dxc6 Qxc6 17. Rfd1 Nxe4 18. Nd5 Rae8 19. Qxe4 f5 20. Qb4
Qxc2 21. Qxd6 Qxb3 22. Nxe5 Rd8 23. Qe6+ Kh7 24. Nf6+ gxf6 25. Qxb3 fxe5 26.
Rxd8 Rxd8 27. Qf7+ {Black resigns} 1-0

[Event "ICC tourney 1969 (45 10)"]
[Site "Internet Chess Club"]
[Date "2020.08.22"]
[Round "4"]
[White "Vish1080"]
[Black "riachuvspikachu"]
[Result "1-0"]
[ICCResult "Black resigns"]
[WhiteElo "1668"]
[BlackElo "1588"]
[Opening "English opening"]
[ECO "A05"]
[NIC "QP.11"]
[Time "18:31:57"]
[TimeControl "2700+10"]

1. Nf3 Nf6 2. c4 d6 3. d4 c5 4. dxc5 Qa5+ 5. Nc3 Qxc5 6. e4 e6 7. Be3 Qb4 8.
Qb3 Qa5 9. Qb5+ Qxb5 10. Nxb5 Na6 11. e5 dxe5 12. Nxe5 Bd7 13. Nxd7 Nxd7 14.
O-O-O Ndc5 15. g3 Be7 16. b4 Ne4 17. Bg2 f5 18. Bxe4 fxe4 19. a3 O-O 20. Rd7
Bf6 21. Rxb7 Nb8 22. Rxa7 Nc6 23. Rxa8 Rxa8 24. Rd1 Ne5 25. c5 Nc4 26. c6
Nxa3 27. Nxa3 Rxa3 28. Bc5 Be5 29. Rd8+ Kf7 30. c7 Ra1+ 31. Kd2 Ra2+ 32. Ke1
Ra1+ 33. Ke2 Ra2+ 34. Kf1 Ra1+ 35. Ke2 Ra2+ 36. Ke3 Bxc7 37. Rd7+ Kf6 38.
Rxc7 Rb2 39. Bd4+ {Black resigns} 1-0

[Event "ICC tourney 1969 (45 10)"]
[Site "Internet Chess Club"]
[Date "2020.08.22"]
[Round "4"]
[White "avats"]
[Black "Hocky"]
[Result "1-0"]
[ICCResult "Black checkmated"]
[WhiteElo "1578"]
[BlackElo "1147"]
[Opening "French: exchange variation"]
[ECO "C01"]
[NIC "FR.01"]
[Time "18:31:44"]
[TimeControl "2700+10"]

1. e4 e6 2. d4 d5 3. exd5 exd5 4. Nf3 Nf6 5. Be2 Be7 6. O-O O-O 7. Bf4 Nc6
8. c3 Bf5 9. Nbd2 Bd6 10. Bxd6 Qxd6 11. Nb3 b6 12. h3 Rfe8 13. Bd3 Bxd3 14.
Qxd3 Ne7 15. Rfe1 Ng6 16. Qd2 h6 17. Rad1 Re6 18. Rxe6 Qxe6 19. Re1 Qd7 20.
Nc1 Re8 21. Rxe8+ Qxe8 22. Nd3 Qe6 23. Nde5 Nxe5 24. Nxe5 Nd7 25. Nxd7 Qxd7
26. Qe2 Qe6 27. Qxe6 fxe6 28. Kh2 Kf7 29. Kg3 Kf6 30. f4 Kf5 31. Kf3 Kf6 32.
g4 Kg6 33. Kg3 Kf6 34. Kf3 Kg6 35. Ke3 Kf6 36. h4 g6 37. Kf3 Kg7 38. g5 hxg5
39. fxg5 Kf7 40. Kg4 c5 41. Kf4 cxd4 42. cxd4 a5 43. Ke5 b5 44. Kd6 b4 45.
b3 Ke8 46. Kxe6 Kf8 47. Kxd5 Kg7 48. Ke6 Kg8 49. d5 Kf8 50. d6 Ke8 51. h5
gxh5 52. g6 Kf8 53. d7 Kg7 54. d8=Q Kxg6 55. Qf6+ Kh7 56. Kf7 h4 57. Qg7#
{Black checkmated}
1-0

[Event "ICC tourney 1969 (45 10)"]
[Site "Internet Chess Club"]
[Date "2020.08.22"]
[Round "4"]
[White "atult"]
[Black "sirking2800"]
[Result "1-0"]
[ICCResult "Black resigns"]
[WhiteElo "1885"]
[BlackElo "1999"]
[Opening "Scotch game"]
[ECO "C45"]
[NIC "SO.04"]
[Time "18:31:43"]
[TimeControl "2700+10"]

1. e4 e5 2. Nf3 Nc6 3. d4 exd4 4. Nxd4 Qf6 5. Be3 Bc5 6. c3 Nge7 7. g3 d6 8.
Bg2 Be6 9. f4 g6 10. O-O O-O-O 11. Qd2 Rde8 12. b4 Bb6 13. a4 h5 14. a5 Bxd4
15. cxd4 h4 16. Nc3 hxg3 17. hxg3 Bh3 18. d5 Nf5 19. dxc6 Nxg3 20. cxb7+ Kb8
21. Bxa7+ Kxa7 22. Qe3+ Kxb7 23. a6+ Kc8 24. a7 Kd7 25. Qxg3 Qd4+ 26. Rf2
Bxg2 27. Kxg2 Ra8 28. Rc2 Rhc8 29. Qf2 Qxb4 30. Qe2 Qd4 31. Qb5+ Kd8 32. Ra4
Qf6 33. Nd5 Qh4 34. Qd3 Qg4+ 35. Qg3 Qxg3+ 36. Kxg3 Kd7 37. Rac4 Rxa7 38.
Nb6+ Kd8 39. Nxc8 Kxc8 40. Kg4 c5 41. Rd4 Kd7 42. Rxc5 Ke6 43. Rc6 Rd7 44.
e5 f5+ {Black resigns} 1-0

[Event "ICC tourney 1969 (45 10)"]
[Site "Internet Chess Club"]
[Date "2020.08.22"]
[Round "4"]
[White "happyscientist"]
[Black "SunnyDays0"]
[Result "1-0"]
[ICCResult "Black resigns"]
[WhiteElo "1686"]
[BlackElo "1162"]
[Opening "Four knights: Spanish, classical defense"]
[ECO "C48"]
[NIC "KP.03"]
[Time "18:31:48"]
[TimeControl "2700+10"]

1. e4 e5 2. Nf3 Nc6 3. Bb5 Nf6 4. Nc3 Bc5 5. O-O d6 6. d3 O-O 7. h3 Be6 8.
Bg5 Nd4 9. Nxd4 Bxd4 10. Qd2 c6 11. Ba4 b5 12. Bb3 a5 13. Bxe6 fxe6 14. Rab1
Qb6 15. Ne2 Bxf2+ 16. Rxf2 Qxf2+ 17. Kxf2 Nxe4+ 18. Kg1 Nxd2 19. Bxd2 a4 20.
Ng3 Kf7 21. Ne4 Ke7 22. Bb4 c5 23. Nxc5 dxc5 24. Bxc5+ Kd7 25. Bxf8 Rxf8 26.
Rf1 Rxf1+ 27. Kxf1 Kd6 28. Ke2 Kd5 29. Ke3 b4 30. a3 bxa3 31. bxa3 e4 32.
c4+ Ke5 33. d4+ Kd6 34. Kxe4 Kc6 35. Ke5 Kd7 36. c5 h5 37. h4 {Black
resigns} 1-0

[Event "ICC tourney 1969 (45 10)"]
[Site "Internet Chess Club"]
[Date "2020.08.22"]
[Round "4"]
[White "RagingKnightNC"]
[Black "varsat"]
[Result "1-0"]
[ICCResult "Black checkmated"]
[WhiteElo "2098"]
[BlackElo "1896"]
[Opening "Ruy Lopez: closed, Chigorin defense"]
[ECO "C97"]
[NIC "RL.23"]
[Time "18:31:52"]
[TimeControl "2700+10"]

1. e4 e5 2. Nf3 Nc6 3. Bb5 a6 4. Ba4 Nf6 5. O-O Be7 6. Re1 b5 7. Bb3 d6 8.
h3 O-O 9. c3 Na5 10. Bc2 c5 11. d4 Qc7 12. dxc5 dxc5 13. Nbd2 Re8 14. Nf1 h6
15. Nh4 Qd8 16. Qf3 Bf8 17. Nf5 Bxf5 18. Qxf5 g6 19. Qf3 Bg7 20. Ne3 Kh7 21.
Ng4 Nxg4 22. hxg4 Qe7 23. g3 Nc6 24. Kg2 Rh8 25. Rh1 Kg8 26. a4 b4 27. Bb3
a5 28. Bd5 Rc8 29. Be3 Nb8 30. g5 h5 31. g4 h4 32. cxb4 cxb4 33. Rac1 h3+
34. Kh2 Rxc1 35. Rxc1 Qd7 36. Bb6 Na6 37. Rc6 Rh4 38. Rxg6 Kh7 39. Bxf7 Qxg4
40. Rxg7+ Kxg7 41. Qf6+ Kh7 42. Qg6+ Kh8 43. Qg8# {Black checkmated} 1-0

[Event "ICC tourney 1969 (45 10)"]
[Site "Internet Chess Club"]
[Date "2020.08.22"]
[Round "4"]
[White "arodmed30"]
[Black "CoolBruhO"]
[Result "0-1"]
[ICCResult "White resigns"]
[WhiteElo "1540"]
[BlackElo "1350"]
[Opening "Petrov's defense"]
[ECO "C42"]
[NIC "RG.01"]
[Time "18:31:47"]
[TimeControl "2700+10"]

1. e4 e5 2. Nf3 Nf6 3. Bd3 Nc6 4. c3 d5 5. exd5 Nxd5 6. O-O Bd7 7. Re1 Bd6
8. Bc2 O-O 9. d4 exd4 10. Nxd4 Qh4 11. Nf3 Qh5 12. Nbd2 Bg4 13. h3 Bxh3 14.
gxh3 Qxh3 15. Nf1 Nf4 16. Bxf4 Bxf4 17. Qd3 Qh6 18. N1h2 f5 19. Qd5+ Kh8 20.
Re6 Qh3 21. Rae1 h6 22. Rg6 Rad8 23. Qc4 Qh5 24. Rg2 Bd6 25. Nd4 Nxd4 26.
cxd4 Rde8 27. Rxe8 Rxe8 28. Qc3 b5 29. d5 Re7 30. Bd3 b4 31. Qc6 f4 32. Qc4
f3 33. Qg4 Bxh2+ {White resigns} 0-1

[Event "ICC tourney 1969 (45 10)"]
[Site "Internet Chess Club"]
[Date "2020.08.22"]
[Round "4"]
[White "vishalanil"]
[Black "saiabhi29"]
[Result "1-0"]
[ICCResult "Black resigns"]
[WhiteElo "1964"]
[BlackElo "2054"]
[Opening "Sicilian: Labourdonnais-Löwenthal (Kalashnikov) variation"]
[ECO "B32"]
[NIC "SI.32"]
[Time "18:31:43"]
[TimeControl "2700+10"]

1. e4 c5 2. Nf3 Nc6 3. d4 cxd4 4. Nxd4 e5 5. Nb5 d6 6. c4 a6 7. N5a3 f5 8.
Nc3 Nf6 9. Bg5 Be7 10. Bxf6 Bxf6 11. Bd3 fxe4 12. Bxe4 O-O 13. O-O Rb8 14.
Nd5 Be6 15. Qd3 h6 16. Rad1 Nd4 17. Nc2 Bxd5 18. Bxd5+ Kh8 19. Nxd4 exd4 20.
Rfe1 Qb6 21. Qg6 Be5 22. Rxe5 Qxb2 23. Rf5 Rxf5 24. Qxf5 Qe2 25. Qd3 Qxa2
26. Qxd4 Qe2 27. Bf3 Qe5 28. Qxd6 Qxd6 29. Rxd6 a5 30. Rd5 b6 31. Rb5 a4 32.
Rb1 a3 33. Ra1 Ra8 34. Bxa8 {Black resigns} 1-0

[Event "ICC tourney 1969 (45 10)"]
[Site "Internet Chess Club"]
[Date "2020.08.22"]
[Round "4"]
[White "laksa"]
[Black "hackerguru"]
[Result "1-0"]
[ICCResult "Black resigns"]
[WhiteElo "2181"]
[BlackElo "1767"]
[Opening "Nimzo-Indian: Kmoch variation"]
[ECO "E20"]
[NIC "NI.30"]
[Time "18:32:06"]
[TimeControl "2700+10"]

1. d4 Nf6 2. c4 e6 3. Nc3 Bb4 4. f3 d5 5. a3 Be7 6. e4 dxe4 7. fxe4 c5 8. d5
exd5 9. exd5 O-O 10. Be2 Re8 11. Nf3 a6 12. O-O Nbd7 13. d6 Bf8 14. h3 Nh5
15. Ng5 Nhf6 16. Bf4 h6 17. Nf3 b6 18. Qc2 Bb7 19. Rad1 Ne4 20. Bd3 Ndf6 21.
Bxe4 Nxe4 22. Rfe1 Nxc3 23. Qxc3 Bxf3 24. Qxf3 Qd7 25. Rxe8 Rxe8 26. Qg4 Rd8
27. Qg3 g6 28. Rd5 Bg7 29. Qb3 g5 30. Bg3 Bd4+ 31. Rxd4 cxd4 32. Qxb6 d3 33.
Qd4 Qf5 34. b4 Re8 35. Kh2 Qe4 36. d7 d2 37. Qxe4 Rxe4 38. d8=Q+ Kh7 39.
Qxd2 Rxc4 40. Qd3+ {Black resigns} 1-0

[Event "ICC tourney 1969 (45 10)"]
[Site "Internet Chess Club"]
[Date "2020.08.22"]
[Round "4"]
[White "funplaychess"]
[Black "sathviks"]
[Result "0-1"]
[ICCResult "White resigns"]
[WhiteElo "2341"]
[BlackElo "2051"]
[Opening "King's Indian: Sämisch variation"]
[ECO "E80"]
[NIC "KI.54"]
[Time "18:31:55"]
[TimeControl "2700+10"]

1. d4 Nf6 2. c4 g6 3. Nc3 Bg7 4. e4 d6 5. f3 Nc6 6. Be3 e5 7. d5 Ne7 8. Qd2
O-O 9. O-O-O h5 10. h3 a6 11. Kb1 Bd7 12. g4 Rb8 13. Rc1 b5 14. c5 dxc5 15.
Bxc5 a5 16. d6 cxd6 17. Qxd6 Re8 18. Rh2 b4 19. Nd1 Nc6 20. g5 Nh7 21. Bc4
Nxg5 22. Qxg6 Be6 23. Bxe6 Nxe6 24. Qg3 Nxc5 25. Rxc5 Qxd1+ 26. Rc1 Qd3+ 27.
Ka1 Nd4 28. Rg2 Ne6 29. Ne2 Rbc8 30. Rcg1 Red8 31. b3 Rc2 32. Qxe5 Qd1+ 33.
Nc1 Rxc1+ {White resigns} 0-1

[Event "ICC tourney 1969 (45 10)"]
[Site "Internet Chess Club"]
[Date "2020.08.22"]
[Round "4"]
[White "SophylacticPlay"]
[Black "tcao"]
[Result "1/2-1/2"]
[ICCResult "Game drawn by mutual agreement"]
[WhiteElo "2197"]
[BlackElo "1890"]
[Opening "French: Tarrasch, open, 4.ed ed"]
[ECO "C08"]
[NIC "FR.21"]
[Time "18:32:35"]
[TimeControl "2700+10"]

1. e4 e6 2. d4 d5 3. Nd2 c5 4. exd5 exd5 5. Ngf3 Nf6 6. Bb5+ Bd7 7. Bxd7+
Nbxd7 8. O-O Be7 9. dxc5 Nxc5 10. Nd4 O-O 11. Re1 Re8 12. N2b3 Qc7 13. Bg5
Nce4 14. Be3 Bd6 15. h3 a6 16. Qf3 Be5 17. c3 Rad8 18. Nf5 Kh8 19. Bd4 Bxd4
20. Nbxd4 Re5 21. Qf4 Rde8 22. f3 Nc5 23. Rxe5 Qxe5 24. Qg5 g6 25. f4 Nfe4
26. fxe5 Nxg5 27. Nd6 Re7 28. Rf1 Kg8 29. c4 {Game drawn by mutual
agreement} 1/2-1/2

[Event "ICC tourney 1969 (45 10)"]
[Site "Internet Chess Club"]
[Date "2020.08.22"]
[Round "4"]
[White "Luc2008"]
[Black "burstninja"]
[Result "0-1"]
[ICCResult "White resigns"]
[WhiteElo "1580"]
[BlackElo "1726"]
[Opening "French: advance, Euwe variation"]
[ECO "C02"]
[NIC "FR.03"]
[Time "18:31:53"]
[TimeControl "2700+10"]

1. e4 e6 2. d4 d5 3. e5 c5 4. c3 Nc6 5. Nf3 Bd7 6. Bd3 a6 7. O-O Rc8 8. Be3
Be7 9. Nbd2 cxd4 10. cxd4 f6 11. Nh4 f5 12. Qh5+ Kf8 13. Ng6+ hxg6 14. Qxh8
Bg5 15. Qh3 Nxd4 16. Bxd4 Bxd2 17. Rad1 Ba5 18. Rc1 Kf7 19. g4 Ne7 20. gxf5
exf5 21. Qe3 Nc6 22. a3 Nxd4 23. Qxd4 Rxc1 24. Qxd5+ Be6 25. Qxb7+ Rc7 26.
Qxa6 Qg5+ 27. Kh1 Bd5+ 28. f3 Rc1 29. Be4 Rxf1+ 30. Qxf1 Bxe4 31. fxe4 Bb6
32. Qc4+ Ke7 33. Qb4+ Ke6 34. Qxb6+ Kxe5 35. exf5 gxf5 36. Qc5+ Ke4 37. Qc4+
Kf3 38. Qd5+ Ke3 39. Qe5+ Kf2 40. Qg3+ Qxg3 41. hxg3 g5 42. a4 g4 43. a5 f4
{White resigns}
0-1

[Event "ICC tourney 1969 (45 10)"]
[Site "Internet Chess Club"]
[Date "2020.08.22"]
[Round "4"]
[White "binomialfactor"]
[Black "vyomvidy"]
[Result "0-1"]
[ICCResult "White resigns"]
[WhiteElo "2169"]
[BlackElo "2256"]
[Opening "QGA: 3.e4"]
[ECO "D20"]
[NIC "QG.04"]
[Time "18:31:46"]
[TimeControl "2700+10"]

1. d4 d5 2. c4 dxc4 3. e4 Nf6 4. e5 Nd5 5. Bxc4 Nc6 6. Ne2 Bf5 7. O-O e6 8.
Nbc3 Nb6 9. Bb5 Qd7 10. Be3 a6 11. Bxc6 Qxc6 12. Rc1 O-O-O 13. Ng3 Bg6 14.
Qb3 Qc4 15. Qxc4 Nxc4 16. Nd1 Bd3 17. Re1 Bb4 18. Nc3 Nxb2 19. Nh5 Bf5 20.
Nf4 g5 21. Nfe2 Nd3 22. Bxg5 Nxc1 23. Rxc1 Rd7 24. Be3 Rhd8 25. f3 Bxc3 26.
Rxc3 Rd5 27. g4 Bg6 28. h4 Rb5 29. Bg5 Rd7 30. a3 Rb2 31. Kf1 b5 32. h5 Bc2
33. Bc1 Ra2 34. Ke1 a5 35. Kd2 Ba4+ 36. Ke3 b4 37. Rc5 Rd5 38. Rxd5 exd5 39.
axb4 axb4 40. f4 Bd1 41. Ng3 Bxg4 42. Kd3 b3 43. Be3 Rg2 44. Nf1 Be2+ 45.
Kc3 Bxf1 46. Kxb3 Rg3 {White resigns} 0-1

[Event "ICC tourney 1969 (45 10)"]
[Site "Internet Chess Club"]
[Date "2020.08.22"]
[Round "4"]
[White "dxzhou"]
[Black "tricksterssbu"]
[Result "1-0"]
[ICCResult "Black resigns"]
[WhiteElo "1946"]
[BlackElo "1645"]
[Opening "Scotch game"]
[ECO "C45"]
[NIC "SO.05"]
[Time "18:32:24"]
[TimeControl "2700+10"]

1. e4 e5 2. Nf3 Nc6 3. d4 exd4 4. Nxd4 Bc5 5. Be3 Qf6 6. c3 Nge7 7. Be2 O-O
8. O-O d5 9. exd5 Nxd5 10. Nb5 Nxe3 11. fxe3 Bxe3+ 12. Kh1 Qe7 13. Qc2 a6
14. N5a3 Ne5 15. Nc4 Nxc4 16. Bxc4 Be6 17. Qe4 Bc5 18. Nd2 Bxc4 19. Qxc4
Rfe8 20. Nf3 Bb6 21. Rae1 Qc5 22. Qa4 Qb5 23. Qc2 Rad8 24. a4 Qh5 25. Qb3
Rxe1 26. Rxe1 h6 27. h3 Qg6 28. a5 Bxa5 29. Qxb7 Qb6 30. Qxb6 Bxb6 31. Kh2
f6 32. Re2 Kf7 33. Ne1 Re8 34. Rxe8 Kxe8 35. Kg3 Ke7 36. Kf4 Ke6 37. Nd3 a5
38. g4 g5+ 39. Ke4 c5 40. Nc1 c4 41. Ne2 a4 42. Ng3 Ba5 43. Kd4 Bc7 44. Nf5
Bd6 45. Kxc4 Bf8 46. Kb5 a3 47. bxa3 Bxa3 48. Nxh6 Ke5 49. c4 Kf4 50. c5 Kg3
51. c6 Bd6 52. Nf5+ Kxh3 53. Nxd6 Kxg4 54. c7 f5 55. c8=Q {Black resigns}
1-0

[Event "ICC tourney 1969 (45 10)"]
[Site "Internet Chess Club"]
[Date "2020.08.22"]
[Round "4"]
[White "Adhvaith0406"]
[Black "Rohanius"]
[Result "1-0"]
[ICCResult "Black resigns"]
[WhiteElo "2001"]
[BlackElo "1635"]
[Opening "Sicilian: accelerated fianchetto, Breyer variation"]
[ECO "B39"]
[NIC "SI.33"]
[Time "18:31:53"]
[TimeControl "2700+10"]

1. e4 c5 2. Nf3 Nc6 3. d4 cxd4 4. Nxd4 g6 5. c4 Bg7 6. Be3 Nf6 7. Nc3 Ng4 8.
Qxg4 Nxd4 9. Qd1 Ne6 10. Be2 O-O 11. O-O d6 12. Rc1 Nc5 13. f3 Be6 14. Qd2
Re8 15. Rfd1 a6 16. Nd5 Bxd5 17. cxd5 Nd7 18. b4 b5 19. Rc2 Rc8 20. Rdc1
Rxc2 21. Qxc2 e6 22. dxe6 Rxe6 23. Qc6 Nb8 24. Qb7 Qf8 25. Ba7 Re8 26. Rc7
Be5 27. g3 d5 28. Bc5 Bd6 29. Bxd6 Qxd6 30. Rxf7 Qe5 31. Rxh7 Qa1+ 32. Kg2
Rf8 33. Rh6 {Black resigns} 1-0

[Event "ICC tourney 1969 (45 10)"]
[Site "Internet Chess Club"]
[Date "2020.08.22"]
[Round "4"]
[White "Chessking2008"]
[Black "ramennoodle"]
[Result "1/2-1/2"]
[ICCResult "Game drawn because neither player has mating material"]
[WhiteElo "2140"]
[BlackElo "1923"]
[Opening "QGD: Neo-orthodox variation, 7.Bh4"]
[ECO "D56"]
[NIC "QO.13"]
[Time "18:32:35"]
[TimeControl "2700+10"]

1. c4 e6 2. Nc3 d5 3. d4 Nf6 4. Bg5 Be7 5. e3 h6 6. Bh4 O-O 7. Nf3 Nbd7 8.
cxd5 exd5 9. Bd3 Re8 10. O-O c6 11. Qc2 Nf8 12. Rab1 Ne4 13. Bxe7 Qxe7 14.
b4 a6 15. a4 Ng6 16. Nd2 Nxd2 17. Qxd2 Qf6 18. Bxg6 Qxg6 19. Ne2 Bf5 20. Rb2
Qd6 21. b5 axb5 22. axb5 Ra3 23. bxc6 bxc6 24. Ng3 Bg6 25. Rc1 Rea8 26. h3
Ra1 27. Rb6 R8a2 28. Rb2 Ra6 29. Ne2 c5 30. dxc5 Qxc5 31. Kh2 Rxc1 32. Qxc1
Qxc1 33. Nxc1 Rc6 34. Ne2 Rc2 35. Rxc2 Bxc2 36. Kg3 f6 37. Nd4 Bd3 38. Kf3
Kf7 39. g4 g6 40. Kg3 f5 41. Kf4 Kf6 42. f3 g5+ 43. Kg3 Ke5 44. Nc6+ Kd6 45.
Nd8 fxg4 46. hxg4 Ke7 47. Nc6+ Kd6 48. Nd4 Ke5 49. Nb3 Bc2 50. Nd2 Bg6 51.
f4+ gxf4+ 52. exf4+ Kf6 53. Nf3 Be4 54. Nd4 Bh7 55. Kh4 Bg6 56. Kg3 Bh7 57.
Kf3 Be4+ 58. Ke3 Bb1 59. Nb5 Be4 60. Nc3 Bg2 61. Kd4 Ke6 62. f5+ Kf6 63.
Nxd5+ Bxd5 64. Kxd5 h5 65. gxh5 Kxf5 66. h6 Kg6 67. Ke6 Kxh6
{Game drawn because neither player has mating material}
1/2-1/2

[Event "ICC tourney 1969 (45 10)"]
[Site "Internet Chess Club"]
[Date "2020.08.22"]
[Round "4"]
[White "xiaoqixia"]
[Black "jy2020"]
[Result "0-1"]
[ICCResult "White resigns"]
[WhiteElo "2096"]
[BlackElo "2246"]
[Opening "Sicilian: Grand Prix attack"]
[ECO "B21"]
[NIC "SI.48"]
[Time "18:32:07"]
[TimeControl "2700+10"]

1. e4 c5 2. f4 d6 3. Nf3 Nc6 4. Bb5 Bd7 5. O-O g6 6. d3 Bg7 7. c3 e6 8. Na3
a6 9. Bxc6 Bxc6 10. Be3 Ne7 11. Qe1 O-O 12. Qh4 b5 13. Rac1 Rb8 14. g4 b4
15. Nc4 bxc3 16. bxc3 Bb5 17. Nfd2 f5 18. Rf3 Nc6 19. Bf2 d5 20. exd5 exd5
21. Qxd8 Rbxd8 22. Ne3 Bxd3 23. Bh4 Rd7 24. Nb3 fxg4 25. Nxg4 Be2 26. Nxc5
Rd6 27. Rg3 Rxf4 28. h3 Bxg4 29. Rxg4 Rxg4+ 30. hxg4 Ne5 31. Bg3 Rc6 32.
Bxe5 Bxe5 33. Nd3 Rxc3 34. Rd1 Bg7 35. Nb4 Rg3+ 36. Kf2 Rxg4 37. Nxd5 Rd4
38. Rxd4 Bxd4+ 39. Kf3 Kf7 40. a4 a5 41. Ke4 Bc5 42. Nc3 h5 43. Kf4 Bd6+ 44.
Kg5 Be7+ 45. Kf4 Ke6 46. Ke4 g5 47. Ne2 Bc5 48. Ng3 h4 49. Nf1 Bg1 50. Nd2
g4 51. Kf4 h3 52. Nf1 h2 53. Ng3 Bf2 54. Nh1 g3 55. Kf3 Kd5 {White resigns}
0-1

[Event "ICC tourney 1969 (45 10)"]
[Site "Internet Chess Club"]
[Date "2020.08.22"]
[Round "4"]
[White "Andy0507"]
[Black "blueeagle405"]
[Result "0-1"]
[ICCResult "White resigns"]
[WhiteElo "2281"]
[BlackElo "2003"]
[Opening "English: Caro-Kann defensive system"]
[ECO "A12"]
[NIC "QP.09"]
[Time "18:38:53"]
[TimeControl "2700+10"]

1. Nf3 d5 2. c4 c6 3. b3 Nf6 4. Bb2 Nbd7 5. g3 g6 6. Bg2 Bg7 7. O-O O-O 8.
d4 Re8 9. Nc3 Nb6 10. Ne5 Bf5 11. Re1 Qc7 12. cxd5 Nbxd5 13. e4 Nxc3 14.
Bxc3 Be6 15. Qd2 Nd7 16. Nd3 Rad8 17. h3 Nf8 18. Qb2 Qc8 19. Kh2 f5 20. exf5
Bxf5 21. Ne5 Be6 22. Rad1 Bd5 23. Bxd5+ Rxd5 24. Qe2 Qf5 25. Nc4 Qd7 26. Ne3
Rd6 27. Ng4 Rd5 28. Ne3 Rd6 29. Qc4+ Ne6 30. Bb4 b5 31. Qc2 Rxd4 32. Rxd4
Bxd4 33. Ng4 Ng5 34. Qd3 Qd5 35. Re2 Kg7 36. f4 Bg1+ {White resigns} 0-1

[Event "ICC tourney 1969 (45 10)"]
[Site "Internet Chess Club"]
[Date "2020.08.22"]
[Round "4"]
[White "slolla"]
[Black "dopolian"]
[Result "1-0"]
[ICCResult "Black resigns"]
[WhiteElo "1873"]
[BlackElo "2337"]
[Opening "Benoni: 6.e4"]
[ECO "A65"]
[NIC "BI.37"]
[Time "18:31:40"]
[TimeControl "2700+10"]

1. d4 Nf6 2. c4 c5 3. d5 e6 4. Nc3 exd5 5. cxd5 d6 6. e4 g6 7. f3 Bg7 8. Bg5
h6 9. Be3 O-O 10. Qd2 Kh7 11. Nge2 Nbd7 12. Nc1 Ne5 13. Be2 g5 14. h4 gxh4
15. Rxh4 Nfg4 16. Rxg4 Nxg4 17. fxg4 Qh4+ 18. Kd1 Bxg4 19. Kc2 Bxc3 20. bxc3
Bxe2 21. Nxe2 Qxe4+ 22. Qd3 Rae8 23. Rh1 c4 24. Qxe4+ Rxe4 25. Kd2 Rfe8 26.
Rxh6+ Kg8 27. Rh3 Rg4 28. Nf4 Re4 29. g3 a6 30. Ke2 Rg5 31. Kf3 Rge5 32. Bd4
Rxd4 33. cxd4 Re1 34. Rh2 b5 35. Rc2 Ra1 36. Ne2 Kf8 37. Nc1 Ke7 38. Ke3 a5
39. Kd2 a4 40. Kc3 Rb1 41. Re2+ Kf6 42. Kc2 Ra1 43. Kb2 Rxc1 44. Kxc1 b4 45.
a3 bxa3 46. Ra2 Kf5 47. Rxa3 Ke4 48. Rxa4 Kxd5 49. Kd2 Kxd4 50. Ra3 f5 51.
Rf3 Ke5 52. Kc3 d5 53. Rf4 Kf6 54. Kd4 Ke6 55. Rf3 c3 56. Rxc3 {Black
resigns} 1-0

[Event "ICC tourney 1969 (45 10)"]
[Site "Internet Chess Club"]
[Date "2020.08.22"]
[Round "4"]
[White "HarleyQueen8"]
[Black "Monkeybomb3605"]
[Result "0-1"]
[ICCResult "White checkmated"]
[WhiteElo "1716"]
[BlackElo "1982"]
[Opening "King's Indian: Semi-Averbakh system"]
[ECO "E73"]
[NIC "KI.27"]
[Time "18:31:40"]
[TimeControl "2700+10"]

1. d4 Nf6 2. c4 g6 3. Nc3 Bg7 4. e4 d6 5. Be2 O-O 6. Be3 Na6 7. Nf3 e5 8.
O-O Ng4 9. Bg5 Qe8 10. h3 exd4 11. Nxd4 h6 12. Bxg4 hxg5 13. Bxc8 Rxc8 14.
Re1 Nc5 15. Nd5 c6 16. Nc3 a5 17. Nf3 Qe7 18. Qd2 Bf6 19. Rad1 Rfd8 20. Qc2
Nd7 21. Qa4 b6 22. Qb3 Kg7 23. Rd2 Rb8 24. Qa4 Rdc8 25. Qd1 Ne5 26. Nxe5
Bxe5 27. Qe2 Rh8 28. Nd1 Rh4 29. Ne3 Rxe4 30. Qd1 Re8 31. f3 Rh4 32. Ng4
Rhh8 33. Nxe5 dxe5 34. b3 Rd8 35. Rxd8 Rxd8 36. Qe2 Qc5+ 37. Qe3 Qxe3+ 38.
Rxe3 Rd1+ 39. Kf2 Rd2+ 40. Re2 Rxe2+ 41. Kxe2 f5 42. Ke3 Kf6 43. a3 b5 44.
b4 axb4 45. cxb5 cxb5 46. axb4 Ke6 47. g3 Kd5 48. f4 gxf4+ 49. gxf4 e4 50.
h4 Kc4 51. Kd2 Kxb4 52. Kc2 Kc4 53. Kd2 b4 54. Kc2 e3 55. Kd1 b3 56. h5 gxh5
57. Kc1 Kd3 58. Kb2 e2 59. Kxb3 e1=Q 60. Kb2 Qc3+ 61. Kb1 Qd2 62. Ka1 h4 63.
Kb1 h3 64. Ka1 h2 65. Kb1 h1=R# {White checkmated} 0-1